 Dungeon Crawl Stone Soup version 0.26-a0-540-g8a0c9464d7 (webtiles) character file.

Game seed: 11068438362542214377

6900 kae the Grappler (level 10, -7/85 HPs)
             Began as a Demonspawn Berserker on Aug 18, 2020.
             Was a High Priest of Trog.
             Mangled by a komodo dragon (11 damage)
             ... on level 1 of the Lair of Beasts.
             The game lasted 00:12:16 (13781 turns).

kae the Grappler (Demonspawn Berserker)            Turns: 13781, Time: 00:12:17

Health: -7/85      AC: 10    Str: 22    XL:     10   Next: 79%
Magic:  10/10      EV: 12    Int:  8    God:    Trog [*****.]
Gold:   616        SH:  0    Dex: 12    Spells: 9/9 levels left

rFire    . . .     SeeInvis +     - Unarmed
rCold    . . .     Faith    .   (no shield)
rNeg     . . .     Spirit   .   a - +0 animal skin
rPois    .         Reflect  .   (helmet unavailable)
rElec    .         Harm     .   (no cloak)
rCorr    .                      f - +1 pair of gloves
MR       +....                  (no boots)
Stlth    +.........             (no amulet)
HPRegen  0.24/turn              p - ring of protection from magic
MPRegen  0.12/turn              (no ring)

@: sanguine armour, lightly drained
A: antennae 3, demonic guardian 2, powered by pain 2, sanguine armour 1
a: Berserk, Trog's Hand, Brothers in Arms, Renounce Religion


You were on level 1 of the Lair of Beasts.
You worshipped Trog.
Trog was extremely pleased with you.
You visited 2 branches of the dungeon, and saw 12 of its levels.

You collected 668 gold pieces.
You spent 52 gold pieces at shops.

Inventory:

Armour
 a - a +0 animal skin (worn)
 f - a +1 pair of gloves (worn)
Jewellery
 p - a ring of protection from magic (left hand)
Wands
 e - a wand of acid (2)
 k - a wand of flame (34)
 o - a wand of disintegration (21)
 r - a wand of random effects (40)
 s - a wand of paralysis (4)
 v - a wand of iceblast (5)
Scrolls
 g - 2 scrolls of magic mapping
 i - 2 scrolls of blinking
 m - 3 scrolls of enchant armour
 n - 7 scrolls of remove curse
 q - a scroll of teleportation
 u - 2 scrolls of identify
Potions
 b - 2 potions of magic
 c - a potion of mutation
 d - 2 potions of lignification
 h - 4 potions of heal wounds
 j - a potion of curing
 l - 3 potions of stabbing
 t - a potion of invisibility
 w - a potion of berserk rage


   Skills:
 + Level 10.1(9.6) Fighting
 - Level 1.7(1.4) Armour
 - Level 1.7(1.4) Dodging
 * Level 12.4(12.0) Unarmed Combat


You had 9 spell levels left.
You didn't know any spells.
Your spell library was empty.

Dungeon Overview and Level Annotations

Branches:
Dungeon (11/15)            Temple (0/1) D:4            Lair (1/6) D:8
    Orc (0/2) D:11

Altars:
Gozag
Trog
Yredelemnul
The Shining One

Shops:
D:9 *

Portals:
Trove: D:11 (give 10 potions of heal wounds)


Innate Abilities, Weirdness & Mutations

You have a pair of large antennae on your head. (SInv)
A demonic guardian rushes to your aid.
You sometimes gain power by taking damage.
When seriously injured, your bleeding wounds create armour. (AC +6)


Message History

You barely miss the komodo dragon.
The komodo dragon is lightly wounded.
Your soul eater hits the komodo dragon.
You barely miss the komodo dragon.
You punch the komodo dragon, but do no damage.
The komodo dragon is lightly wounded.
The komodo dragon barely misses you.
Your soul eater hits the komodo dragon!
You closely miss the komodo dragon. Your punch misses the komodo dragon.
The komodo dragon is heavily wounded.
The komodo dragon closely misses you.
Your soul eater barely misses the komodo dragon.
You hit the komodo dragon but do no damage.
The komodo dragon is heavily wounded.
The komodo dragon bites you!
* * * LOW HITPOINT WARNING * * *
Your soul eater closely misses the komodo dragon.
You hit the komodo dragon.
The komodo dragon is heavily wounded.
The komodo dragon bites you!
You die...

..... #.......# ..#
.......#.......#....
..........#.......#...#
...........# ...........
...........##+.._.......
........................
>.................?....#
.........#.#.#+#.......#
...............#@3......
#.............#.l.....#
#......P#####.#........
#......................
#............+#####....
#.....#........... ....
##.....###+...#.... ...
#.....##.........# ..
#............#...# ..


You could see a komodo dragon and a friendly soul eater (summoned).

Vanquished Creatures
  A two-headed ogre (D:11)
  A cyclops (D:7)
  A troll (D:11)
  A hippogriff (D:8)
  2 water moccasins (Lair:1)
  2 orc warriors
  A porcupine (D:8)
  2 ice beasts
  A phantom (D:2)
  A black bear (D:5)
  A necrophage (D:8)
  5 centaurs
  6 ogres
  2 lemures (D:8)
  A crocodile (Lair:1)
  A big kobold (D:11)
  5 bullfrogs
  2 scorpions
  5 killer bees (D:11)
  6 wights
  A howler monkey (D:4)
  A jelly (D:6)
  3 quasits
  3 bullfrog zombies
  2 centaur skeletons
  2 centaur zombies
  4 hounds
  A gnoll shaman (D:5)
  3 orc wizards
  A bullfrog skeleton (D:4)
  5 iguanas
  6 worker ants
  3 hound zombies
  2 hound skeletons
  A worker ant zombie (D:7)
  2 gnolls
  8 adders
  A shadow imp (D:5)
  A white imp (D:5)
  An ufetubus (D:5)
  An ooze (D:2)
  An adder skeleton (D:4)
  An adder zombie (D:9)
  3 worms
  7 leopard geckos
  15 orcs
  5 giant cockroaches
  8 goblins
  4 hobgoblins
  14 jackals
  8 quokkas
  3 bats
  3 frilled lizards
  17 kobolds
  A leopard gecko skeleton (D:5)
  3 rats
192 creatures vanquished.

Vanquished Creatures (collateral kills)
  Pikel (D:8)
  A troll (D:11)
  Prince Ribbit (D:5)
  A yak (D:8)
  4 vampire mosquitoes (D:8)
  A water moccasin (D:6)
  Duvessa (D:5)
  An orc warrior (D:8)
  An eye of draining (D:5)
  A centaur (D:3)
  2 lemures (D:8)
  Dowan (D:5)
  A scorpion (D:8)
  An orc wizard (D:5)
  3 gnolls (D:5)
  An orc (D:8)
  A quokka (D:5)
23 creatures vanquished.

Vanquished Creatures (others)
  A wizard (D:6)
1 creature vanquished.

Grand Total: 216 creatures vanquished

Notes
Turn   | Place    | Note
-------+----------+-------------------------------------------
     0 | D:1      | kae the Demonspawn Berserker began the quest for the Orb.
     0 | D:1      | Reached XP level 1. HP: 18/18 MP: 1/1
   210 | D:1      | Reached skill level 3 in Unarmed Combat
   293 | D:1      | Gained mutation: When seriously injured, your bleeding
                  | wounds create armour. (AC +6) [demonic ancestry]
   293 | D:1      | Reached XP level 2. HP: 19/24 MP: 2/2
   423 | D:1      | Found a glowing golden altar of the Shining One.
  1150 | D:2      | Gained mutation: You sometimes gain a little power by
                  | taking damage. [demonic ancestry]
  1150 | D:2      | Reached XP level 3. HP: 20/29 MP: 3/3
  1351 | D:2      | Found a faded altar of an unknown god.
  1444 | D:2      | Reached ** piety under Trog
  1572 | D:2      | Noticed a phantom
  1598 | D:2      | Killed a phantom
  1598 | D:2      | Reached skill level 4 in Unarmed Combat
  1598 | D:2      | Gained mutation: A weak demonic guardian rushes to your
                  | aid. [demonic ancestry]
  1598 | D:2      | Reached XP level 4. HP: 31/37 MP: 4/4
  1598 | D:2      | Gained mutation: A demonic guardian rushes to your aid.
                  | [demonic ancestry]
  1598 | D:2      | Reached XP level 5. HP: 36/42 MP: 5/5
  2483 | D:3      | Noticed a centaur
  2495 | D:3      | Killed a centaur
  2495 | D:3      | Reached skill level 5 in Unarmed Combat
  2928 | D:3      | Found an opulent altar of Gozag.
  3091 | D:3      | Found a basalt altar of Yredelemnul.
  3306 | D:4      | Gained mutation: You have a pair of small antennae on your
                  | head. [demonic ancestry]
  3306 | D:4      | Reached XP level 6. HP: 41/49 MP: 6/6
  3414 | D:4      | Found a staircase to the Ecumenical Temple.
  4365 | D:5      | Entered Level 5 of the Dungeon
  4370 | D:5      | Noticed Prince Ribbit
  4859 | D:5      | Reached *** piety under Trog
  4859 | D:5      | Reached skill level 5 in Fighting
  4859 | D:5      | Reached skill level 6 in Unarmed Combat
  4867 | D:5      | Gained mutation: You sometimes gain power by taking damage.
                  | [demonic ancestry]
  4867 | D:5      | Reached XP level 7. HP: 55/56 MP: 2/7
  5267 | D:5      | Noticed Duvessa
  5267 | D:5      | Noticed Dowan
  5617 | D:5      | Killed Duvessa
  5628 | D:5      | Killed Dowan
  5628 | D:5      | Reached skill level 7 in Unarmed Combat
  6329 | D:5      | Gained mutation: You have a pair of antennae on your head.
                  | [demonic ancestry]
  6329 | D:5      | Reached XP level 8. HP: 42/64 MP: 8/8
  6673 | D:5      | Killed Prince Ribbit
  6673 | D:5      | Reached skill level 8 in Unarmed Combat
  7097 | D:6      | Found a bloodstained altar of Trog.
  7515 | D:6      | Reached skill level 9 in Unarmed Combat
  7848 | D:6      | Noticed a wizard
  7853 | D:6      | Killed a wizard
  8349 | D:7      | Reached XP level 9. HP: 67/72 MP: 9/9
  8416 | D:7      | Reached **** piety under Trog
  9066 | D:7      | Noticed a cyclops
  9076 | D:7      | Killed a cyclops
  9125 | D:8      | Reached skill level 10 in Unarmed Combat
  9156 | D:8      | Noticed Pikel
  9177 | D:8      | Killed Pikel
  9566 | D:8      | Reached skill level 11 in Unarmed Combat
  9668 | D:8      | Gained mutation: You have a pair of large antennae on your
                  | head. (SInv) [demonic ancestry]
  9668 | D:8      | Reached XP level 10. HP: 66/82 MP: 10/10
  9989 | D:8      | Found a staircase to the Lair.
 10851 | D:9      | You fall into a shaft and drop 2 floors!
 10875 | D:11     | Reached ***** piety under Trog
 11191 | D:11     | Found a portal to a secret trove of treasure.
 11257 | D:11     | Found a staircase to the Orcish Mines.
 11263 | D:11     | Noticed a two-headed ogre
 11270 | D:11     | Killed a two-headed ogre
 11868 | D:11     | Reached skill level 12 in Unarmed Combat
 12345 | D:10     | Entered Level 10 of the Dungeon
 13167 | D:9      | Reached skill level 10 in Fighting
 13320 | D:9      | Found Luygunt's Assorted Antiques.
 13324 | D:9      | Bought a scroll of identify for 52 gold pieces
 13613 | Lair:1   | Entered Level 1 of the Lair of Beasts
 13762 | Lair:1   | Found an opulent altar of Gozag.
 13780 | Lair:1   | HP: 4/85 [komodo dragon (10)]
 13781 | Lair:1   | Mangled by a komodo dragon

Illustrated notes

Levels and vault maps discovered:
D:1:      lightli_molten_gateway, layout_basic, tso_metal_star
D:2:      layout_basic, chequers_ecumenical_altar_simple, minmay_strange_pillars
D:3:      layout_rooms, lemuel_crystal_altar, grunt_gozag_statues
D:4:      layout_gridville, minmay_temple_entry_statues_fountains
D:5:      layout_basic, uniq_prince_ribbit1, uniq_duvessa
D:6:      layout_cave_pools, hangedman_abyss_or_decor_stagger, minivault_25,
          trog_wizard
D:7:      layout_rooms
D:8:      layout_cave_pools, grunt_lair_entry_orc_guard_hut, uniq_pikel
D:9:      layout_basic, serial_shops, nicolae_shop_trees,
          kennysheep_generic_room_10
D:10:     layout_roguey
D:11:     layout_long_grid, orc_0_dummy, nicolae_trove_entry_crossroad
Lair:1:   layout_chaotic_city, basic_altar, grunt_megastairs_3,
          lemuel_fruit_fields

Skill      XL: |  1  2  3  4  5  6  7  8  9 10 |
---------------+-------------------------------+-----
Unarmed Combat | 3 4 5 6 7 9 11 12 | 12.4
Fighting       | 4 5 6 7 8 10 | 10.1
Armour         | |  1.7
Dodging        | |  1.7

Action                   |  1- 3 |  4- 6 |  7- 9 | 10-12 || total
-------------------------+-------+-------+-------+-------++-------
Melee: Unarmed           |   134 |   181 |   308 |   176 ||   799
       Punch             |     3 |     6 |    12 |     8 ||    29
Invok: Berserk           |     1 |     2 |     3 |     2 ||     8
Evoke: Wand              |       |       |       |     1 ||     1
  Use: Scroll            |     2 |     6 |    12 |     3 ||    23
 Stab: Sleeping          |       |     3 |     2 |     1 ||     6
Armor: Animal skin       |    21 |    22 |    70 |    37 ||   150
Dodge: Dodged            |    73 |    93 |   181 |    86 ||   433

Table legend: (Time is in decaauts)
 A = Elapsed time spent in this place.
 B = Non-inter-level travel time spent in this place.
 C = Inter-level travel time spent in this place.
 D = Time resting spent in this place.
 E = Time spent auto-exploring this place.
 F = Levels seen in this place.
 G = Mean time per level.
                   A        B        C        D        E       F      G
               +--------+--------+--------+--------+--------+-----+--------+
         Total |  13738 |  13356 |    382 |   1453 |  10337 |  12 | 1144.8 |
       Dungeon |  13575 |  13194 |    381 |   1453 |  10201 |  11 | 1234.1 |
          Lair |    163 |    163 |      0 |      0 |    136 |   1 |  163.0 |
               +--------+--------+--------+--------+--------+-----+--------+

Top non-repeatable levels by time:
     D:5: 2311 daAuts
     D:2: 1493 daAuts
    D:11: 1487 daAuts
     D:4: 1379 daAuts
     D:9: 1302 daAuts
     D:6: 1162 daAuts
     D:7: 1020 daAuts
     D:8: 1002 daAuts
     D:1: 982 daAuts
     D:3: 763 daAuts
    D:10: 669 daAuts
  Lair:1: 163 daAuts
